 Dungeon Crawl Stone Soup version 0.30-a0-311-gf115ab0292 (webtiles) character file.

Game seed: 17415550334076557960

91900 retardedninja the Warrior (level 15, -8/139 (145) HPs)
             Began as a Minotaur Fighter on Oct 25, 2022.
             Was an Initiate of Gozag.
             Blown up by an orb spider (38 damage)
             ... with an orb of destruction
             ... led by a jorogumo
             ... on level 1 of the Spider Nest.
             The game lasted 01:03:46 (29520 turns).

retardedninja the Warrior (Minotaur Fighter)       Turns: 29520, Time: 01:03:46

HP:   -8/139 (145)  AC: 28    Str: 39    XL:     15   Next: 56%
MP:   14/14         EV:  6    Int:  8    God:    Gozag
Gold: 1751          SH:  0    Dex:  7    Spells: 14/14 levels left

rFire   + + .      SeeInvis .    K - +5 mace "Wischoxy" {vorpal, rF+ Str+7 Int+3 Dex-5}
rCold   . . .      Faith    .    l - +0 kite shield
rNeg    + . .      Spirit   .    G - +7 pearl dragon scales
rPois   +          Reflect  .    (helmet restricted)
rElec   .          Harm     .    C - +0 cloak
rCorr   .          Rampage  .    r - +0 pair of gloves
Will    ++...                    B - +0 pair of boots
Stlth   +.........               z - amulet of regeneration
HPRegen 1.23/turn                J - +6 ring of strength
MPRegen 0.14/turn                k - ring of Bowafuej {rPois rF+ Will+}

@: held, slowed, studying 2 skills, lightly drained, very slow
A: horns 2, retaliatory headbutt, poison resistance, subdued magic 1
a: Renounce Religion, Potion Petition, Call Merchant, Bribe Branch


You were on level 1 of the Spider Nest.
You worshipped Gozag.
Gozag was most pleased with you.
You visited 4 branches of the dungeon, and saw 23 of its levels.
You also visited: Ossuary.

You collected 7665 gold pieces.
You spent 1017 gold pieces at shops.
You paid 4897 gold pieces to Gozag.

Inventory:

Hand Weapons
 a - a +9 war axe
 j - the +4 hand axe "Yggu" {vorpal, rElec Int+2}
   (You found it on level 2 of the Dungeon)

   It inflicts extra damage upon your enemies.
   Int:       It affects your intelligence (+2).
   rElec:     It insulates you from electricity.
 K - the +5 mace "Wischoxy" (weapon) {vorpal, rF+ Str+7 Int+3 Dex-5}
   (You found it on level 6 of the Dungeon)

   It inflicts extra damage upon your enemies.
   Str:       It affects your strength (+7).
   Int:       It affects your intelligence (+3).
   Dex:       It affects your dexterity (-5).
   rF:        It protects you from fire.
Missiles
 u - 6 javelins (quivered)
 R - 18 boomerangs
 S - 3 throwing nets
Armour
 l - a +0 kite shield (worn)
 r - a +0 pair of gloves (worn)
 B - a +0 pair of boots (worn)
 C - a +0 cloak (worn)
 G - +7 pearl dragon scales (worn)
Jewellery
 c - a +6 ring of dexterity
 k - the ring of Bowafuej (right hand) {rPois rF+ Will+}
   (You bought it in a shop on level 4 of the Lair of Beasts)

   [ring of willpower]

   rF:        It protects you from fire.
   rPois:     It protects you from poison.
   Will:      It increases your willpower.
 q - a +6 ring of intelligence
 t - the ring "Maofferet" {rCorr Int+3 Dex-5}
   (You found it on level 5 of the Lair of Beasts)

   [ring of resist corrosion]

   Int:       It affects your intelligence (+3).
   Dex:       It affects your dexterity (-5).
   rCorr:     It protects you from acid and corrosion.
 v - an amulet of reflection
 x - a +6 ring of intelligence
 z - an amulet of regeneration (around neck)
 H - a ring of poison resistance
 J - a +6 ring of strength (left hand)
 V - a ring of positive energy
Wands
 e - a wand of mindburst (18)
 s - a wand of paralysis (17)
 w - a wand of light (11)
 y - a wand of flame (33)
 D - a wand of polymorph (4)
Scrolls
 b - 3 scrolls of amnesia
 d - 7 scrolls of noise
 f - 13 scrolls of identify
 g - 4 scrolls of magic mapping
 i - 12 scrolls of teleportation
 n - 2 scrolls of summoning
 o - 2 scrolls of silence
 A - 3 scrolls of butterflies
 N - 3 scrolls of fear
Potions
 h - 4 potions of brilliance
 m - 2 potions of flight
 p - 4 potions of curing
 E - 2 potions of mutation
 I - 2 potions of cancellation
 L - 5 potions of invisibility
 M - 3 potions of resistance
 O - a potion of magic
 P - 2 potions of attraction
Miscellaneous
 F - a condenser vane
 T - a lightning rod (4/4)


   Skills:
 + Level 16.3 Fighting
 + Level 9.0(13.3) Axes
 + Level 15.5(16.4) Maces & Flails
 + Level 6.8 Throwing
 + Level 15.0 Armour
 + Level 10.6 Dodging
 + Level 4.7 Stealth
 + Level 14.7 Shields
 + Level 0.3 Evocations


You had 14 spell levels left.
You didn't know any spells.
Your spell library contained the following spells:

 Spells                   Type           Power      Damage    Failure   Level
 Beastly Appendage        Tmut           0%         N/A       73%         1
 Necrotise                Necr           0%         1d4       73%         1
 Sandblast                Erth           0%         2d4       73%         1
 Shock                    Conj/Air       0%         1d3       73%         1
 Passwall                 Tmut/Erth      0%         N/A       86%         2
 Static Discharge         Conj/Air       0%         2-2/arc   86%         2
 Wereblood                Tmut           0%         N/A       86%         2
 Dazzling Flash           Conj/Hex       0%         N/A       98%         3
 Hailstorm                Conj/Ice       0%         3d3       98%         3
 Inner Flame              Hex/Fire       0%         N/A       98%         3
 Mephitic Cloud           Conj/Pois/Air  0%         N/A       98%         3
 Spider Form              Tmut/Pois      0%         N/A       98%         3
 Stone Arrow              Conj/Erth      0%         3d7       98%         3
 Summon Guardian Golem    Hex/Summ       0%         N/A       98%         3
 Swiftness                Air            0%         N/A       98%         3
 Vampiric Draining        Necr           0%         2d6       98%         3
 Vhi's Electric Charge    Tloc/Air       0%         N/A       98%         3
 Airstrike                Air            0%         2d(0-16)  100%        4
 Cause Fear               Hex            0%         N/A       100%        4
 Flame Wave               Conj/Fire      0%         2d4       100%        4
 Ice Form                 Ice/Tmut       0%         N/A       100%        4
 Iskenderun's Mystic Bla  Conj/Tloc      0%         2d3       100%        4
 Sticky Flame             Conj/Fire      0%         2d3       100%        4
 Agony                    Necr           0%         N/A       100%        5
 Arcjolt                  Conj/Air       0%         1d10      100%        5
 Lightning Bolt           Conj/Air       0%         1d11      100%        5
 Silence                  Hex/Air        0%         N/A       100%        5
 Conjure Ball Lightning   Conj/Air       0%         3x3d6     100%        6
 Starburst                Conj/Fire      0%         6d3       100%        6
 Orb of Destruction       Conj           0%         9d5       100%        7
 Spellforged Servitor     Conj/Summ      0%         N/A       100%        7
 Discord                  Hex            0%         N/A       100%        8
 Disjunction              Tloc           0%         N/A       100%        8
 Polar Vortex             Ice            0%         N/A       100%        9
 Simulacrum               Ice/Necr       Unusable   N/A       N/A         6

Dungeon Overview and Level Annotations

Branches:
Dungeon (15/15)            Temple (0/1) D:5            Lair (5/5) D:8
 Shoals (0/4) Lair:3       Spider (1/4) Lair:2        Slime (0/5) Lair:4
    Orc (2/2) D:9             Elf (0/3) Orc:2        Vaults (0/5) D:14
 Depths (0/4) D:15        Ossuary (visited)

Altars:
Ashenzari
Fedhas
Gozag
Hepliaklqana
Vehumet
Xom
The Shining One
Jiyva

Shops:
D:7 *   D:10 !   Orc:2 ([*=   Lair:4 =(

Portals:
Trove: D:14 (give +7 demon whip)

Annotations:
D:15 3 runed translucent doors, Monkooky's ghost, adept BaGl


Innate Abilities, Weirdness & Mutations

You have a pair of horns on your head.
You reflexively headbutt those who attack you in melee.
Your system is resistant to poisons. (rPois)
Your spells are a little easier to cast, but a little less powerful.


Message History

The jorogumo is lightly wounded.
You block the jorogumo's attack.
The jumping spider leaps!
Unknown command.
You closely miss the jorogumo.
The jorogumo is lightly wounded.
You block the jorogumo's attack.
You feel better. You block the jorogumo's attack.
The orb spider weaves a glowing orb of energy.
The jumping spider leaps!
An orb of destruction comes into view.
You feel better. The jorogumo hits you!
You feel yourself slow down.
The jumping spider pounces on you but does no damage.
The jumping spider barely misses you.
You bludgeon the jorogumo!!
The jorogumo is moderately wounded.
The orb of destruction hits you!!!
* * * LOW HITPOINT WARNING * * *
The jumping spider leaps!
The jorogumo closely misses you. x2
You furiously retaliate!
You headbutt the jorogumo!
Unknown command.
You feel better.
The jorogumo stares at you and mumbles some strange words.
The bolt of negative energy hits you. You partially resist.
You feel drained.
* * * LOW HITPOINT WARNING * * *
The orb spider pulsates with a strange energy.
The jorogumo hits you.
* * * LOW HITPOINT WARNING * * *
You are lethally poisoned!
You feel as though you will be slow longer.
You feel better.
The jumping spider leaps!
The jorogumo casts a spell at you.
The stream of webbing hits you but does no damage.
You are caught in a web!
The orb spider weaves a glowing orb of energy.
An orb of destruction comes into view.
You feel better.
The jorogumo stares at you and mumbles some strange words.
The stream of webbing hits you but does no damage.
You are even more entangled.
The orb of destruction hits you!!!
You die...

##....#...#..#^.#.....#.
..........#......#.....#
#.#...##.......#...#.#!
#..#....#.#...>.#...#
... .....#.#.#....###
..##......##..##
......#..^..##
.##....#..## #...s@H..#
$ #^..#^○°.#
....#....○#....#
##.#...#..s...##
....^.#.....#.# .##^#.
...#...[# ###. .#.....##
##.# .#^.##


You could see a jorogumo, an orb spider and a jumping spider.

Vanquished Creatures
  Jorgrun (Orc:1)
  An orc warlord (Orc:2)
  2 hydras
  8 vault guards (D:14)
  An anaconda (Lair:5)
  2 ogre magi (D:13)
  2 catoblepae
  3 boulder beetles
  13 two-headed ogres
  3 centaur warriors
  3 orc high priests
  8 death yaks
  3 tengu warriors
  Urug (Lair:4)
  A storm dragon zombie (D:15)
  2 skeletal warriors (D:15)
  A deep elf pyromancer (D:10)
  4 orc knights
  A necromancer (D:15)
  A wolf spider (Lair:2)
  A phantasmal warrior (D:15)
  2 stone giant zombies (D:15)
  6 orc sorcerers
  A fire giant zombie (D:15)
  A black mamba (Lair:1)
  2 cyclopes (Orc:1)
  3 ugly things
  4 manticores
  A merfolk siren (Lair:3)
  2 torpor snails
  11 elephants
  2 gargoyles
  13 cane toads
  Maggie (D:9)
  An unseen horror (D:11)
  6 komodo dragons
  An efreet (D:15)
  5 rime drakes
  Psyche (D:9)
  2 tengu conjurers
  11 trolls
  A burning bush (Lair:1)
  A merfolk (D:13)
  13 polar bears
  2 raiju (Lair:5)
  A hornet (D:8)
  13 blink frogs
  5 slime creatures (D:14)
  8 dream sheep (Lair:5)
  7 jumping spiders (Spider:1)
  A centaur simulacrum (D:14)
  2 wyverns
  A wraith (D:12)
  28 yaks
  2 basilisks (Lair:2)
  4 steam dragons
  4 vampire mosquitoes
  10 wargs
  2 acid dragons
  13 hell hounds (Lair:5)
  11 water moccasins
  37 orc warriors
  A sky beast (D:7)
  15 black bears
  10 ogres
  34 wolves
  4 centaurs
  3 phantoms
  2 kobold brigands
  9 bullfrogs
  2 necrophages
  A scorpion (D:4)
  17 jellies
  12 killer bees
  3 howler monkeys (D:3)
  3 electric eels
  4 centaur zombies (Ossuary)
  8 hounds
  3 gnoll boudas
  26 orc priests
  4 iguanas
  26 orc wizards
  5 hell rats (Lair:1)
  An ogre zombie (Ossuary)
  8 mummies
  Robin (D:2)
  An adder (D:6)
  33 gnolls
  5 adder zombies (Ossuary)
  A worm (D:5)
  2 dart slugs
  126 orcs
  7 endoplasms
  4 giant cockroaches
  19 goblins
  11 hobgoblins
  15 jackals
  9 kobolds
  A quokka (D:3)
  4 ball pythons
  6 bats
  2 frilled lizards
  7 goblin zombies
  3 hobgoblin zombies (Ossuary)
  6 kobold zombies (Ossuary)
  An orc zombie (D:6)
  2 quokka zombies (Ossuary)
  2 rats
  3 rat zombies (Ossuary)
776 creatures vanquished.

Vanquished Creatures (others)
  An orc (Orc:2)
  2 bushes (Lair:4)
  24 fungi
  58 plants
  3 withered plants (D:15)
88 creatures vanquished.

Grand Total: 864 creatures vanquished

Notes
Turn   | Place    | Note
-------+----------+-------------------------------------------
     0 | D:1      | retardedninja the Minotaur Fighter began the quest for the
                  | Orb.
     0 | D:1      | Reached XP level 1. HP: 19/19 MP: 0/0
   267 | D:1      | Reached XP level 2. HP: 17/27 MP: 1/1
   584 | D:1      | Reached XP level 3. HP: 33/33 MP: 2/2
   802 | D:1      | Reached skill level 4 in Fighting
  1083 | D:2      | Identified the +4 hand axe "Yggu" {vorpal, rElec Int+2}
  1291 | D:2      | Noticed Robin
  1301 | D:2      | Killed Robin
  1302 | D:2      | Reached XP level 4. HP: 31/40 MP: 3/3
  1678 | D:3      | Found a radiant altar of Vehumet.
  1679 | D:3      | Found a glowing golden altar of the Shining One.
  1834 | D:3      | Reached XP level 5. HP: 46/47 MP: 4/4
  1852 | D:3      | Reached skill level 1 in Dodging
  1855 | D:3      | Noticed an ogre
  1861 | D:3      | Killed an ogre
  1862 | D:3      | Reached skill level 5 in Axes
  1862 | D:3      | Reached skill level 1 in Throwing
  1862 | D:3      | Reached XP level 6. HP: 15/53 MP: 5/5
  1981 | D:3      | Reached skill level 5 in Armour
  1993 | D:3      | HP: 2/53 [gnoll/+0 flail (10)]
  2845 | D:3      | Reached XP level 7. HP: 56/60 MP: 6/6
  2966 | D:3      | Reached skill level 5 in Fighting
  2995 | D:3      | Found a faded altar of an unknown god.
  3852 | D:4      | Found an opulent altar of Gozag.
  3852 | D:4      | Found a broken altar of Ashenzari.
  3856 | D:4      | Became a worshipper of Gozag Ym Sagoz the Greedy
  3885 | D:5      | Entered Level 5 of the Dungeon
  3969 | D:5      | Found a staircase to the Ecumenical Temple.
  3994 | D:5      | Identified the +5 sling "Xeaciqel" {speed, Dex+4}
  4160 | D:5      | Reached XP level 8. HP: 59/69 MP: 7/7
  4472 | D:5      | Reached skill level 5 in Shields
  4766 | D:5      | Reached skill level 6 in Fighting
  5059 | D:6      | Identified the +5 mace "Wischoxy" {vorpal, rF+ Str+7 Int+3
                  | Dex-5}
  5135 | D:6      | Found a hazy altar of Hepliaklqana.
  5475 | D:6      | Found a sand-covered staircase.
  5483 | Ossuary  | Entered an ossuary
  5609 | Ossuary  | Reached skill level 1 in Maces & Flails
  5962 | Ossuary  | Reached XP level 9. HP: 78/78 MP: 8/8
  6993 | D:6      | Identified a scroll of acquirement
  6993 | D:6      | Acquired a manual of Throwing
  7121 | D:7      | Found Naex Qyi's Fire Supplies.
  7509 | D:7      | Reached skill level 5 in Maces & Flails
  7866 | D:8      | Reached skill level 1 in Stealth
  7908 | D:7      | Reached skill level 7 in Fighting
  8021 | D:8      | Found a shimmering altar of Xom.
  8066 | D:8      | Found a staircase to the Lair.
  8140 | D:8      | Found a blossoming altar of Fedhas.
  8488 | Lair:1   | Entered Level 1 of the Lair of Beasts
  8734 | Lair:1   | Reached XP level 10. HP: 86/86 MP: 9/9
  9074 | Lair:1   | Reached skill level 8 in Fighting
  9103 | Lair:1   | Noticed a cane toad
  9109 | Lair:1   | Killed a cane toad
  9130 | Lair:1   | Reached skill level 5 in Dodging
  9234 | Lair:1   | Noticed a black mamba
  9241 | Lair:1   | Noticed a torpor snail
  9244 | Lair:1   | Killed a black mamba
  9253 | Lair:1   | Reached skill level 10 in Armour
  9258 | Lair:1   | Killed a torpor snail
  9600 | Lair:1   | Reached XP level 11. HP: 83/95 MP: 10/10
 10364 | Lair:2   | Noticed an eight-headed hydra
 10372 | Lair:2   | Killed an eight-headed hydra
 10373 | Lair:2   | Reached skill level 9 in Fighting
 10403 | Lair:2   | HP: 6/145 [elephant (5)]
 10419 | Lair:2   | Reached skill level 10 in Maces & Flails
 11143 | Lair:2   | Reached skill level 10 in Fighting
 11253 | Lair:2   | Found a hole to the Spider Nest.
 11253 | Lair:2   | Noticed a wolf spider
 11260 | Lair:2   | Killed a wolf spider
 11640 | Lair:3   | Found a staircase to the Shoals.
 11719 | Lair:3   | Reached XP level 12. HP: 63/107 MP: 11/11
 12141 | Lair:3   | Identified the +2 trident of Ithro {freeze, Will+ rCorr
                  | Str+4 Dex-2}
 12394 | Lair:3   | Reached skill level 11 in Fighting
 12781 | Lair:4   | Noticed a catoblepas
 12806 | Lair:4   | Killed a catoblepas
 13122 | Lair:4   | Found a staircase to the Slime Pits.
 13124 | Lair:4   | Found a viscous altar of Jiyva.
 13408 | Lair:4   | Noticed a seven-headed hydra
 13416 | Lair:4   | Killed a seven-headed hydra
 13476 | Lair:4   | Noticed Urug
 13486 | Lair:4   | Killed Urug
 13933 | Lair:4   | Noticed a death yak
 13953 | Lair:4   | Noticed a death yak
 13954 | Lair:4   | Noticed a death yak
 13959 | Lair:4   | Killed a death yak
 13966 | Lair:4   | Killed a death yak
 13970 | Lair:4   | Killed a death yak
 13971 | Lair:4   | Reached XP level 13. HP: 104/117 MP: 12/12
 14343 | Lair:5   | Entered Level 5 of the Lair of Beasts
 14374 | Lair:4   | Reached skill level 12 in Fighting
 14729 | Lair:4   | Bought the ring of Bowafuej {rPois rF+ Will+} for 777 gold
                  | pieces
 16045 | Lair:5   | Gained mutation: You have very sharp teeth. [potion of
                  | mutation]
 16045 | Lair:5   | Gained mutation: Your mind is acute. (Int +4, Str/Dex -1)
                  | [potion of mutation]
 16045 | Lair:5   | Lost mutation: Your mind is acute. (Int +4, Str/Dex -1)
                  | [potion of mutation]
 16152 | Lair:5   | Reached skill level 10 in Shields
 16205 | Lair:5   | Identified the +4 helmet "Pysyr" {rElec Str+4 Stlth+}
 16262 | Lair:5   | Identified the ring "Maofferet" {rCorr Int+3 Dex-5}
 16709 | Lair:5   | Reached skill level 13 in Fighting
 17588 | D:9      | Noticed Maggie
 17598 | D:9      | Killed Maggie
 17643 | D:9      | Found a staircase to the Orcish Mines.
 17740 | D:9      | Noticed Psyche
 17750 | D:9      | Killed Psyche
 18611 | D:10     | Entered Level 10 of the Dungeon
 18721 | D:10     | Reached skill level 5 in Throwing
 18743 | D:10     | Reached XP level 14. HP: 129/129 MP: 13/13
 19047 | D:10     | Got Sif Muna's Verses on the Tempest and Graupel
 19242 | D:10     | Bought a potion of curing for 45 gold pieces
 19242 | D:10     | Bought a potion of heal wounds for 75 gold pieces
 19242 | D:10     | Bought a potion of curing for 45 gold pieces
 19242 | D:10     | Bought a potion of heal wounds for 75 gold pieces
 20047 | D:12     | You fall into a shaft and drop 2 floors!
 20752 | D:13     | Acquired a manual of Fighting
 22039 | D:13     | Reached skill level 14 in Fighting
 22366 | D:14     | Reached skill level 15 in Maces & Flails
 22756 | D:14     | Found a gate to the Vaults.
 23225 | D:14     | Found a portal to a secret trove of treasure.
 23597 | D:15     | Entered Level 15 of the Dungeon
 23714 | D:15     | Found a runed translucent gate.
 23715 | D:15     | Noticed Monkooky's ghost (adept BaGl)
 23715 | D:15     | Found a runed translucent gate.
 23716 | D:15     | Found a runed translucent gate.
 23812 | D:15     | Reached XP level 15. HP: 115/139 MP: 14/14
 24217 | D:15     | Found a staircase to the Depths.
 24274 | D:15     | Reached skill level 15 in Fighting
 24920 | D:15     | Reached skill level 10 in Dodging
 25236 | Orc:1    | Entered Level 1 of the Orcish Mines
 25236 | Orc:1    | Noticed Jorgrun
 25945 | Orc:1    | Killed Jorgrun
 26142 | Orc:2    | Entered Level 2 of the Orcish Mines
 26513 | Orc:2    | Found a runed translucent door.
 26623 | Orc:2    | Found a staircase to the Elven Halls.
 27651 | Orc:2    | Found Ypnuuzal's Antique Armour Emporium.
 28019 | Orc:2    | Found Dimib's Antique Weapon Emporium.
 28098 | Orc:2    | Found Homai's Jewellery Emporium.
 28390 | Orc:2    | Found Hubatid's General Store.
 28531 | Orc:2    | Lost mutation: You have very sharp teeth. [potion of
                  | mutation]
 28531 | Orc:2    | Gained mutation: Your spells are a little easier to cast,
                  | but a little less powerful. [potion of mutation]
 28531 | Orc:2    | Gained mutation: Your system is resistant to poisons.
                  | (rPois) [potion of mutation]
 28543 | Orc:2    | Reached skill level 15 in Armour
 28556 | Orc:2    | Reached skill level 16 in Fighting
 29370 | Spider:1 | Entered Level 1 of the Spider Nest
 29517 | Spider:1 | HP: 2/141 [disintegration[a jorogumo] (53)]
 29520 | Spider:1 | Blown up by an orb spider

Illustrated notes

Levels and vault maps discovered:
D:1:      mushboom_english_gardens, layout_basic
D:2:      layout_rooms, uniq_robin
D:3:      lemuel_castle_with_subvaults [lemuel_castle_interior_carwin_3],
          layout_rooms, mainiacjoe_overflow_divided_tiny,
          shapermc_ecumenical_altar_mp_vishouse
D:4:      layout_basic, gammafunk_temple_overflow_elements
D:5:      layout_gridville, minmay_temple_entry_hall
D:6:      layout_basic, nicolae_hepliaklqana_hazy_memory,
          nicolae_ossuary_entry_giza
D:7:      layout_basic, nicolae_shop_fire_sale [nicolae_sub_dead_trees]
D:8:      layout_gridville, mainiacjoe_overflow_concentric_impassable,
          lemuel_tele_altar, lair_entry_dummy, feat_on_display
D:9:      layout_layer_cave, david_orc_5, minivault_19, uniq_maggie, uniq_psyche
D:10:     layout_roguey, minmay_librarian
D:11:     layout_cave_pools
D:12:     layout_rooms
D:13:     layout_irregular_city, hangedman_fish_farm
D:14:     layout_basic, erik_vaults_2, nicolae_trove_entry_isolated,
          gauntlet_entry_generic
D:15:     gammafunk_depths_entry_grave, layout_grid_maze,
          biasface_ghost_orc_armoury, chequers_serial_rivers_large_a
Lair:1:   beast_lair_carwin_large_4, layout_layer_cave, serial_bayou_pond_b,
          st_stairs_12, evilmike_ambush [evilmike_ambush_outer_doors,
          evilmike_ambush_inner_basic], grunt_megastairs_3,
          infiniplex_staircase_pool
Lair:2:   layout_concentric_octagons, spider_nest_entry_rubble,
          gammafunk_lair_bear_cave
Lair:3:   layout_roguey, elwin_shoals_entry_rooms, serial_bayou_shore_b,
          serial_bayou_shore_a, serial_bayou_shore_b,
          infiniplex_staircase_pool_2
Lair:4:   layout_gridlike, minmay_slime_entry_jelly_boxes,
          nicolae_lair_grazing_beasts [nicolae_sub_lair_graze_edge,
          nicolae_sub_lair_graze_edge, nicolae_sub_lair_graze_edge,
          nicolae_sub_lair_graze_edge], uniq_urug
Lair:5:   hangedman_lair_caniforms_friends, layout_cave_pods
Spider:1: layout_spider_delve, ebering_ghost_inner_flame
Orc:1:    layout_caves, uniq_jorgrun
Orc:2:    grunt_orc_cross, layout_caves, lightli_church_of_beogh

Skill      XL: |  1  2  3  4  5  6  7  8  9 10 11 12 13 14 15 |
---------------+----------------------------------------------+-----
Armour         | 4 5 6 7 8 10 11 12 13 14 15 | 15.0
Shields        | 4 5 6 7 8 9 11 13 14 | 14.7
Axes           | 3 4 5 7 9 |  9.0
Fighting       | 4 5 6 7 8 10 11 13 14 16 | 16.3
Dodging        | 1 2 3 4 5 6 7 9 10 | 10.6
Throwing       | 1 3 4 5 6 |  6.8
Maces & Flails | 2 6 9 11 13 14 15 | 15.5
Stealth        | 1 2 3 4 |  4.7
Evocations     | |  0.3

Action                   |  1- 3 |  4- 6 |  7- 9 | 10-12 | 13-15 || total
-------------------------+-------+-------+-------+-------+-------++-------
Melee: War axe           |    41 |       |       |       |       ||    41
       Headbutt          |     7 |    20 |    39 |   126 |   300 ||   492
       Hand axe          |    20 |   110 |   119 |       |       ||   249
       Mace              |       |       |   213 |   549 |  1362 ||  2124
       Bite              |       |       |       |       |   114 ||   114
Throw: Javelin           |       |    13 |    24 |     5 |    47 ||    89
       Throwing net      |       |     1 |       |       |       ||     1
       Boomerang         |       |       |       |       |     7 ||     7
Invok: Potion Petition   |       |       |       |       |     6 ||     6
       Call Merchant     |       |       |       |       |     3 ||     3
Evoke: Wand              |       |       |       |       |     1 ||     1
  Use: Potion            |       |     2 |     1 |    11 |    27 ||    41
       Scroll            |       |       |    27 |     9 |    11 ||    47
 Stab: Distracted        |       |       |     1 |     1 |     4 ||     6
       Petrified         |       |       |       |     9 |       ||     9
       Invisible         |       |       |       |       |     1 ||     1
Armor: Scale mail        |    33 |    37 |    15 |       |       ||    85
       Pearl dragon scal |       |       |   207 |   360 |   897 ||  1464
       Skin              |       |       |       |    22 |    11 ||    33
Dodge: Dodged            |    21 |    58 |   178 |   265 |   632 ||  1154
Block: Buckler           |    17 |    21 |    84 |   124 |     6 ||   252
       Kite shield       |       |       |       |       |   816 ||   816

Table legend: (Time is in decaauts)
 A = Elapsed time spent in this place.
 B = Non-inter-level travel time spent in this place.
 C = Inter-level travel time spent in this place.
 D = Time resting spent in this place.
 E = Time spent auto-exploring this place.
 F = Levels seen in this place.
 G = Mean time per level.
                   A        B        C        D        E       F      G
               +--------+--------+--------+--------+--------+-----+--------+
         Total |  29231 |  28021 |   1210 |   7771 |  14957 |  24 | 1218.0 |
       Dungeon |  16636 |  15891 |    745 |   3674 |   9604 |  15 | 1109.1 |
          Lair |   8496 |   8157 |    339 |   2652 |   3970 |   5 | 1699.2 |
   Spider Nest |    142 |    142 |      0 |      0 |     41 |   1 |  142.0 |
  Orcish Mines |   3314 |   3189 |    125 |   1220 |   1100 |   2 | 1657.0 |
       Ossuary |    641 |    641 |      0 |    225 |    241 |   1 |  641.0 |
               +--------+--------+--------+--------+--------+-----+--------+

Top non-repeatable levels by time:
  Lair:5: 2100 daAuts
     D:9: 2028 daAuts
  Lair:4: 2026 daAuts
  Lair:1: 1902 daAuts
    D:14: 1857 daAuts
   Orc:1: 1782 daAuts
     D:3: 1618 daAuts
   Orc:2: 1532 daAuts
    D:15: 1521 daAuts
     D:6: 1451 daAuts
  Lair:2: 1282 daAuts
  Lair:3: 1184 daAuts
     D:5: 1097 daAuts
    D:12: 1081 daAuts
     D:1: 1009 daAuts
